Map: Yellowjacket

Players

carasol

  • Race: Protoss Protoss
  • League: Diamond
  • Spawn Location: 9:00

IIIIIIIIIIII

  • Race: Protoss Protoss
  • League: Diamond
  • Spawn Location: 7:00

Ekelpack - Winner!

  • Race: Zerg Zerg
  • Spawn Location: 3:00

Nyck - Winner!

  • Race: Terran Terran
  • Spawn Location: 1:00

VOD

Have the link to the VOD?

Description

Time

  • Played on: April 15, 2025, 1:40 p.m.
  • Length: 22:52
Show
View Real Time Build Order
Export as new Build Order

carasol Protoss 

Build Orders: Carriers, Mass Adepts 

Get SALT Encoding   

  12  0:00  Probe  
  13  0:12  Probe  
  14  0:23  Pylon  
  14  0:24  Probe  
  15  0:41  Probe  
  16  0:44  Gateway  
  16  0:52  Assimilator  
  16  0:53  Probe  
  17  1:00  Assimilator  
  17  1:05  Probe  
  18  1:17  Probe  
  19  1:22  Pylon  
  19  1:33  Cybernetics Core, Probe  
  19  1:39  Warp Gate  
  20  1:45  Probe  
  21  1:47  Pylon  
  21  1:57  Probe  
  21  2:01  Gateway  
  22  2:14  Gateway  
  22  2:24  Pylon  
  22  2:29  Probe  
  23  2:37  Gateway  
  23  2:51  Forge  
  23  2:56  Shield Battery  
  23  3:07  Pylon  
  23  3:08  Pylon  
  23  3:32  Photon Cannon  
  23  3:33  Adept  
  23  3:34  Adept, Protoss Ground Weapons Level 1  
  27  3:38  Adept  
  29  3:52  Sentry  
  31  3:58  Adept  
  33  4:02  Adept  
  35  4:13  Adept  
  37  4:17  Adept  
  37  4:23  Adept  
  41  4:30  Adept  
  43  4:51  Adept x3  
  29  5:02  Adept  
  31  5:18  Adept  
  31  5:20  Twilight Council  
  33  5:23  Adept  
  35  5:32  Adept  
  37  5:40  Resonating Glaives  
  37  5:43  Sentry  
  37  5:49  Adept x2  
  43  5:56  Adept  
  45  6:11  Pylon  
  45  6:14  Adept  
  47  6:21  Adept  
  49  6:31  Adept  
  51  6:40  Adept  
  51  6:42  Adept  
  55  6:50  Adept  
  57  6:57  Pylon  
  57  7:03  Adept  
  37  7:23  Adept  
  37  7:24  Adept  
  22  7:44  Stargate  
  22  7:46  Stargate  
  22  8:27  Protoss Air Weapons Level 1  
  22  8:35  Void Ray  
  26  8:41  Fleet Beacon  
  26  8:42  Void Ray  
  34  9:29  Void Ray  
  38  9:34  Void Ray  
  38  9:47  Nexus  
  38  10:02  Assimilator  
  38  10:04  Assimilator  
  38  10:27  Probe  
  38  10:34  Pylon  
  39  10:35  Probe  
  40  10:45  Probe  
  41  10:57  Probe  
  41  11:03  Probe  
  43  11:06  Protoss Air Weapons Level 2  
  43  11:09  Probe  
  44  11:15  Probe  
  45  11:21  Probe  
  46  11:27  Probe  
  47  11:33  Probe  
  47  11:35  Photon Cannon  
  47  11:39  Probe  
  43  11:50  Robotics Facility  
  42  12:06  Carrier  
  32  12:10  Carrier  
  44  12:32  Observer  
  44  12:41  Probe x2  
  47  12:53  Probe x2  
  49  13:09  Probe x2  
  51  13:21  Probe x2  
  53  13:33  Probe x2  
  55  13:45  Probe  
  55  13:46  Probe  
  57  13:58  Probe  
  58  14:03  Pylon  
  58  14:04  Pylon  
  58  14:06  Pylon  
  58  14:11  Probe x2  
  60  14:23  Probe x2  
  62  14:32  Carrier  
  62  14:35  Probe  
  69  14:40  Probe  
  70  15:04  Nexus  
  70  15:06  Assimilator  
  70  15:10  Assimilator  
  70  15:29  Carrier  
  70  15:35  Stargate  
  76  15:39  Stargate  
  76  16:07  Pylon  
  76  16:12  Carrier  
  78  16:35  Carrier  
  56  16:53  Carrier  
  56  17:05  Carrier  
  63  17:22  Probe  
  63  17:23  Probe x2  
  65  17:35  Probe x3  
  67  17:47  Probe  
  67  17:48  Carrier  
  74  17:56  Probe x2  
  76  17:59  Probe  
  76  18:03  Observer  
  78  18:08  Probe x2  
  78  18:11  Probe  
  81  18:16  Carrier  
  87  18:31  Protoss Air Armor Level 1  
  87  18:50  Carrier  
  93  19:15  Nexus  
  93  19:18  Assimilator  
  93  19:22  Assimilator, Carrier  
  99  19:39  Carrier  
  99  19:58  Probe x2  
  99  19:59  Probe  
  102  20:06  Carrier  
  108  20:10  Probe  
  108  20:11  Probe x2  
  111  20:23  Probe x2  
  111  20:26  Carrier  
  119  20:38  Pylon  
  119  20:40  Pylon  
  119  20:41  Probe x3  
  119  20:42  Probe, Pylon  
  123  20:43  Pylon x2  
  123  20:45  Pylon  
  123  20:53  Carrier, Probe x2  
  125  21:10  Carrier  
  123  21:36  Nexus  
  123  21:39  Assimilator  
  123  21:42  Assimilator  
  123  21:44  Carrier  
  123  21:45  Pylon  
Show
View Real Time Build Order
Export as new Build Order

IIIIIIIIIIII Protoss 

Build Orders:  

Get SALT Encoding   

  12  0:00  Probe  
  13  0:12  Probe  
  14  0:21  Pylon  
  14  0:25  Probe  
  15  0:39  Probe  
  16  0:43  Gateway  
  16  0:46  Assimilator  
  16  0:47  Probe  
  16  0:55  Probe  
  18  1:05  Probe  
  18  1:08  Assimilator  
  19  1:17  Probe  
  20  1:21  Assimilator  
  20  1:29  Probe  
  21  1:42  Probe  
  21  1:46  Cybernetics Core  
  22  1:52  Forge  
  22  1:54  Probe  
  22  2:06  Probe  
  23  2:25  Pylon  
  23  2:32  Photon Cannon  
  23  2:36  Pylon  
  23  2:38  Warp Gate  
  23  2:42  Pylon  
  23  2:43  Adept, Probe  
  26  3:00  Stargate  
  26  3:06  Photon Cannon  
  26  3:09  Shield Battery  
  26  3:10  Shield Battery  
  26  3:24  Shield Battery  
  26  3:25  Adept  
  28  3:27  Probe  
  29  3:47  Fleet Beacon  
  29  4:20  Tempest  
  33  4:37  Pylon  
  33  4:51  Tempest  
  33  4:58  Photon Cannon  
  33  5:00  Photon Cannon  
  37  5:11  Adept  
  39  5:25  Tempest  
  37  5:33  Adept  
  41  6:03  Tempest  
  41  6:09  Unknown  
  45  6:33  Tempest  
  45  7:20  Void Ray  
  47  7:58  Nexus  
  47  8:00  Pylon  
  47  8:03  Pylon  
  47  8:06  Assimilator  
  47  8:11  Assimilator  
  45  8:16  Void Ray  
  49  8:20  Photon Cannon  
  49  8:22  Photon Cannon  
  49  8:24  Photon Cannon  
  49  8:26  Photon Cannon  
  49  8:29  Photon Cannon  
  49  8:47  Void Ray  
  49  8:50  Probe  
  54  9:02  Probe  
  55  9:19  Void Ray  
  59  9:38  Probe x2  
  61  9:50  Probe x2  
  67  10:02  Probe  
  67  10:03  Probe  
  41  10:25  Stalker, Protoss Ground Weapons Level 1  
  43  10:37  Gateway  
  43  10:38  Gateway  
  43  10:39  Gateway  
  43  10:44  Gateway  
  43  10:46  Gateway  
  43  10:47  Gateway  
  43  10:50  Gateway  
  43  10:53  Twilight Council  
  43  10:58  Probe x2  
  43  11:03  Pylon  
  45  11:08  Nexus  
  45  11:10  Probe  
  45  11:11  Blink  
  46  11:15  Stalker  
  48  11:25  Photon Cannon  
  48  11:35  Stalker  
  50  11:53  Robotics Facility, Pylon  
  50  11:58  Pylon  
  50  12:06  Stalker x3  
  56  12:20  Stalker x2  
  60  12:31  Templar Archives  
  60  12:35  Stalker x2  
  60  12:36  Probe  
  65  12:45  Observer, Protoss Ground Weapons Level 2  
  65  12:49  Pylon  
  66  12:57  Stalker  
  66  12:58  Stalker  
  70  13:02  Probe x2  
  70  13:03  Probe  
  73  13:17  High Templar x5  
  83  13:21  Archon x2  
  83  13:24  Photon Cannon  
  83  13:26  Probe, Psionic Storm  
  85  13:27  Probe  
  85  13:40  Probe x2  
  85  13:41  Probe  
  84  13:48  High Templar  
  86  13:50  High Templar  
  88  14:01  Probe x2  
  88  14:02  Photon Cannon  
  90  14:12  Probe  
  90  14:13  Probe x2  
  93  14:20  Stalker x2  
  93  14:24  Probe  
  98  14:32  High Templar x2  
  98  14:34  Zealot x3  
  98  14:35  Probe  
  109  14:40  Pylon  
  109  14:46  Gateway  
  109  14:49  Charge  
  109  14:51  Pylon  
  109  14:58  Probe x3  
  112  15:02  High Templar  
  112  15:06  Assimilator  
  114  15:08  Assimilator  
  114  15:11  Shield Battery  
  114  15:16  Gateway  
  114  15:21  Gateway  
  114  15:23  Photon Cannon  
  114  15:24  Probe x3  
  114  15:26  High Templar  
  114  15:27  High Templar  
  121  15:35  Zealot  
  120  16:02  High Templar  
  120  16:03  Zealot  
  124  16:10  Pylon  
  124  16:12  Pylon  
  124  16:13  Pylon  
  124  16:15  Pylon  
  107  16:45  Archon x3  
  107  16:46  Archon  
  93  16:55  High Templar x4  
  93  16:56  Zealot x5  
  93  16:57  Zealot x2  
  115  17:05  Nexus  
  115  17:06  Observer  
  115  17:08  Protoss Ground Weapons Level 3  
  115  17:09  Assimilator  
  115  17:12  Assimilator  
  115  17:14  Pylon  
  116  17:17  Pylon  
  116  17:21  Pylon  
  78  17:50  Archon  
  76  17:54  Stalker x2  
  76  17:55  Stalker x6  
  76  17:57  Zealot  
  76  17:58  Zealot x2  
  92  18:06  Photon Cannon  
  92  18:08  Photon Cannon  
  92  18:11  Photon Cannon  
  92  18:14  Photon Cannon  
  92  18:15  Photon Cannon  
  92  18:19  Probe x3  
  95  18:20  Probe  
  95  18:22  High Templar  
  98  18:33  Robotics Bay  
  98  18:39  Robotics Facility  
  94  18:53  High Templar  
  94  18:55  Zealot x5  
  102  18:56  Zealot x5  
  108  19:14  Immortal  
  73  19:26  Stalker x2  
  71  19:33  Stalker x2  
  71  19:35  Zealot x3  
  71  19:36  Zealot x3  
  87  19:53  Immortal  
  87  19:59  Nexus  
  91  20:24  Extended Thermal Lance  
  91  20:27  Pylon, Colossus  
  97  20:32  Colossus  
  97  20:35  Zealot x2  
  107  20:40  Zealot x2  
  110  20:56  High Templar  
  112  20:57  Zealot x2  
  112  20:58  Zealot x2  
  120  21:15  Pylon  
  120  21:18  Assimilator, Pylon  
  120  21:24  Colossus  
  126  21:38  Zealot x6  
  138  21:55  Photon Cannon  
  138  21:56  Photon Cannon  
  138  21:58  Photon Cannon  
  122  22:31  Stalker x3  
  122  22:32  Stalker x5  
  122  22:35  Stalker  
  108  22:44  Stalker  
  108  22:45  Stalker  
Show
View Real Time Build Order
Export as new Build Order

Ekelpack Zerg - Winner!

Build Orders: Hatch First 

Get SALT Encoding   

  12  0:00  Drone  
  13  0:12  Overlord  
  13  0:18  Drone  
  14  0:31  Drone x2  
  14  0:35  Drone  
  17  0:54  Hatchery  
  17  0:55  Drone  
  17  1:02  Extractor  
  17  1:03  Drone  
  17  1:16  Spawning Pool  
  17  1:18  Drone  
  17  1:22  Drone  
  18  1:32  Drone  
  19  1:41  Drone  
  20  2:03  Queen  
  20  2:07  Drone, Queen  
  25  2:14  Overlord  
  25  2:16  Drone  
  25  2:19  Drone  
  27  2:27  Drone  
  28  2:33  Metabolic Boost  
  28  2:40  Zergling x8  
  32  2:48  Lair  
  32  2:54  Overlord  
  32  3:09  Drone x2  
  32  3:12  Overlord  
  34  3:14  Drone x3  
  37  3:20  Zergling x4  
  37  3:21  Zergling x4  
  41  3:27  Drone, Extractor  
  41  3:30  Overlord  
  41  3:43  Drone  
  41  3:44  Drone  
  41  3:46  Extractor  
  42  3:59  Drone x4  
  42  4:02  Drone x3  
  49  4:13  Zergling x4  
  49  4:14  Zergling x2  
  52  4:25  Drone x3, Extractor  
  54  4:37  Drone  
  55  4:44  Zergling x8  
  56  4:49  Queen  
  50  4:53  Drone x3  
  50  5:03  Spire  
  49  5:09  Zergling x8  
  49  5:10  Zergling x4  
  55  5:18  Zergling x2  
  55  5:19  Zergling x2  
  57  5:27  Overlord x2  
  55  5:33  Overlord  
  55  5:41  Overlord  
  55  5:42  Zergling x6  
  54  6:04  Queen  
  53  6:16  Corruptor x5  
  53  6:17  Corruptor x3  
  62  7:00  Drone  
  62  7:01  Drone x2  
  59  7:35  Spawning Pool  
  54  7:43  Drone x4  
  58  7:55  Drone  
  57  8:13  Spire  
  57  8:14  Drone  
  57  8:21  Drone  
  58  8:27  Queen  
  60  8:50  Zergling x24  
  72  9:00  Hatchery  
  71  9:30  Corruptor x2  
  71  9:31  Corruptor x5  
  75  9:36  Extractor  
  76  10:30  Drone x9  
  76  10:33  Zerg Flyer Weapons Level 1  
  85  10:42  Drone x5  
  90  10:44  Queen  
  90  10:45  Extractor  
  90  10:46  Overlord x2  
  90  10:47  Extractor  
  90  11:00  Infestation Pit  
  89  11:19  Mutalisk x10  
  89  11:20  Mutalisk x2  
  113  11:26  Overlord  
  113  11:40  Hive  
  113  11:41  Overlord  
  113  11:45  Mutalisk x4  
  119  12:14  Mutalisk  
  119  12:15  Mutalisk x4  
  123  12:16  Overlord  
  129  12:26  Overlord  
  129  12:27  Overlord x3  
  129  12:29  Zerg Flyer Weapons Level 2  
  129  12:37  Zergling x12  
  135  12:55  Corruptor  
  135  12:56  Corruptor x5  
  147  13:13  Hatchery  
  147  13:17  Corruptor x7  
  160  13:44  Zergling x8  
  160  13:45  Zergling x10, Overlord  
  160  13:46  Adrenal Glands  
  169  13:53  Evolution Chamber  
  169  13:54  Evolution Chamber  
  167  14:05  Overlord x3  
  167  14:09  Drone  
  171  14:10  Drone x3  
  171  14:15  Overlord x2  
  171  14:16  Pneumatized Carapace  
  171  14:27  Drone x4  
  171  14:28  Extractor  
  174  14:55  Drone x11  
  174  14:57  Queen  
  187  15:13  Zerg Melee Weapons Level 1  
  187  15:14  Zerg Ground Armor Level 1  
  187  15:27  Greater Spire  
  187  15:29  Corruptor  
  187  15:30  Corruptor x5  
  195  16:10  Extractor  
  194  16:23  Hatchery  
  84  16:52  Zergling x2  
  84  16:53  Zergling x28  
  84  16:54  Zergling x40  
  94  16:55  Zergling x2  
  94  17:00  Ultralisk Cavern  
  105  17:03  Zergling x8  
  105  17:04  Zergling x20  
  119  17:09  Zerg Melee Weapons Level 2  
  119  17:10  Zerg Ground Armor Level 2  
  69  17:47  Chitinous Plating  
  69  17:49  Ultralisk x4  
  69  17:50  Ultralisk x4  
  117  17:53  Zerg Flyer Weapons Level 3  
  117  18:01  Drone x3  
  120  18:14  Drone  
  121  18:32  Corruptor x4  
  121  18:33  Hatchery, Corruptor x2  
  132  18:42  Extractor  
  132  18:44  Extractor  
  130  19:06  Anabolic Synthesis  
  130  19:21  Corruptor  
  130  19:22  Corruptor x13  
  158  19:41  Corruptor x2, Mutalisk  
  158  19:42  Corruptor  
  158  19:57  Corruptor x2  
  158  19:59  Zergling x2  
  163  20:00  Zergling x30  
  178  20:32  Zerg Flyer Armor Level 1  
  178  20:45  Zergling x16  
  178  20:46  Zergling x12  
  192  21:02  Extractor  
  192  21:03  Extractor  
  190  21:04  Drone x2  
  190  21:05  Drone  
  193  21:20  Zergling x2  
  193  21:21  Zergling x12  
  195  21:56  Corruptor x2  
  156  22:42  Hatchery  
Show
View Real Time Build Order
Export as new Build Order

Nyck Terran - Winner!

Build Orders:  

Get SALT Encoding   

  12  0:00  SCV  
  13  0:12  SCV  
  14  0:21  Supply Depot  
  14  0:25  SCV  
  16  0:42  SCV  
  16  0:44  Barracks  
  16  0:55  SCV  
  17  1:04  Supply Depot  
  17  1:07  SCV  
  18  1:11  Refinery  
  18  1:20  SCV  
  19  1:32  Marine  
  20  1:36  Orbital Command, Barracks  
  20  2:01  SCV  
  21  2:08  Marine  
  22  2:13  SCV  
  23  2:20  Barracks  
  23  2:24  Barracks  
  24  2:30  SCV  
  24  2:35  Barracks  
  24  2:37  Supply Depot  
  24  2:42  Barracks Tech Lab  
  24  2:55  SCV  
  25  3:11  Combat Shield  
  25  3:13  Marine  
  25  3:19  Supply Depot, Barracks  
  26  3:25  Engineering Bay  
  26  3:30  SCV  
  26  3:31  Engineering Bay  
  26  3:33  Marine  
  26  3:34  Marine x3  
  28  3:35  Marine  
  32  3:42  SCV  
  32  3:45  Refinery  
  32  3:48  Supply Depot  
  33  3:54  Marine x3  
  33  3:55  Marine x2  
  37  3:58  Terran Infantry Weapons Level 1  
  37  4:01  SCV  
  39  4:15  SCV  
  40  4:17  Marine x3  
  40  4:18  Marine x2  
  40  4:22  Barracks  
  45  4:26  Supply Depot  
  45  4:36  Terran Infantry Armor Level 1  
  45  4:59  Marine  
  45  5:00  Marine x4  
  45  5:03  Stimpack  
  50  5:08  Supply Depot  
  50  5:22  Command Center  
  50  5:24  SCV  
  50  6:01  Marine x4  
  50  6:02  Marine x3  
  57  6:22  Marine x3  
  57  6:23  Marine x4  
  64  6:40  Marine x4  
  64  6:41  Marine x3  
  64  6:42  Supply Depot  
  71  6:56  SCV  
  71  6:58  Orbital Command  
  72  7:05  Marine  
  72  7:06  Marine x6  
  79  7:09  SCV  
  56  7:40  Marine x6  
  56  7:41  Marine  
  63  7:57  Marine  
  64  8:09  SCV x2  
  66  8:15  Command Center, Factory  
  66  8:17  Barracks Reactor x3  
  66  8:23  Barracks Tech Lab x4  
  66  8:24  Barracks Tech Lab x2  
  66  8:30  Ghost Academy  
  66  8:32  SCV x2  
  68  8:38  Refinery  
  68  8:39  Refinery  
  68  8:44  SCV x2  
  70  9:08  Ghost x6  
  70  9:09  Ghost  
  91  9:16  Armory  
  91  9:19  Personal Cloaking  
  91  9:20  SCV x2  
  93  9:29  Orbital Command  
  93  9:33  SCV x2  
  95  9:43  Ghost x2  
  95  9:45  SCV, Marine x5  
  107  9:54  SCV  
  107  9:55  SCV  
  109  10:06  Marine  
  109  10:08  SCV  
  109  10:14  Marine  
  109  10:36  Supply Depot  
  109  10:42  SCV, Marine, Ghost x3  
  117  10:43  SCV x2  
  117  10:49  Nuke  
  122  10:55  SCV  
  123  10:57  SCV x2  
  123  10:59  Supply Depot, Refinery  
  123  11:02  Refinery  
  125  11:07  SCV  
  125  11:09  SCV x2, Command Center  
  128  11:21  SCV  
  128  11:22  Supply Depot, SCV x2, Ghost x2  
  137  11:34  SCV x3  
  137  11:58  SCV  
  137  11:59  SCV x2, Ghost x3  
  149  12:04  Nuke  
  149  12:20  SCV x3  
  149  12:21  Terran Infantry Weapons Level 2  
  152  12:35  Orbital Command  
  152  12:43  Refinery  
  152  12:44  SCV x3  
  152  12:45  Ghost x2  
  152  12:46  Ghost  
  164  12:55  Refinery  
  164  13:14  Starport  
  164  13:51  Starport  
  164  13:58  Ghost Academy  
  164  14:02  Concussive Shells  
  164  14:04  Terran Infantry Armor Level 2  
  164  14:12  Command Center  
  164  14:29  Starport  
  164  14:31  Nuke  
  164  14:38  Terran Infantry Weapons Level 3  
  164  14:39  Refinery  
  164  14:45  Fusion Core  
  164  14:55  Starport Tech Lab x2  
  164  15:07  Starport  
  164  15:23  SCV x4, Marine x7  
  164  15:24  Orbital Command  
  164  15:27  Refinery  
  175  15:34  Starport Tech Lab  
  175  15:35  SCV x4  
  175  15:42  Supply Depot, Marine x4, Ghost  
  179  15:45  Starport  
  186  15:51  Weapon Refit  
  186  16:00  Marine  
  186  16:03  Ghost x2  
  193  16:15  Nuke  
  193  16:25  Command Center  
  193  17:09  Ghost  
  193  17:15  Terran Infantry Armor Level 3  
  193  17:25  Ghost  
  193  17:28  Ghost x2  
  194  17:31  Ghost  
  194  17:36  Ghost x2  
  199  17:37  Ghost  
  199  17:41  Battlecruiser x2  
  181  17:53  Ghost  
  181  17:56  Ghost x2  
  190  17:59  Ghost  
  193  18:05  Terran Vehicle And Ship Armor Level 1  
  193  18:13  Armory  
  193  18:30  Orbital Command  
  193  18:31  Starport Tech Lab  
  193  18:35  Refinery  
  193  18:43  Ghost  
  193  18:45  Ghost  
  191  19:10  Battlecruiser  
  191  19:18  Battlecruiser  
  191  19:19  Battlecruiser  
  191  19:21  Battlecruiser  
  90  20:12  Starport Tech Lab  
  79  20:14  Battlecruiser  
  83  20:23  Battlecruiser x2  
  83  20:25  Battlecruiser  
  83  20:27  Supply Depot  
  101  20:29  SCV  
  101  20:30  SCV x3  
  111  20:43  Battlecruiser  
  111  20:51  Supply Depot  
  111  20:52  Refinery  
  111  21:03  Marine x7  
  118  21:19  Supply Depot, Battlecruiser  
  118  21:20  Marine  
  118  21:21  Marine x6  
  131  21:27  Battlecruiser x2  
  131  21:29  SCV x4, Battlecruiser  
  153  21:38  Marine  
  153  21:39  Marine x4  
  158  21:41  Supply Depot, SCV  
  165  21:47  Battlecruiser  
  165  21:48  Nuke x2  
  165  22:07  Supply Depot  
Tags
 
Add a new tag
Caveats
  • Supply blocks, unpowered buildings, or Contaminate may cause inaccurate times.
  • Supply counts are checked every 10 seconds.